 Dungeon Crawl Stone Soup version 0.29.1-1-gd02db6906a (webtiles) character file.

Game seed: 8762692348288295999

313 AarnesTheHuman the Chopper (level 6, -8/57 HPs)
             Began as a Hill Orc Monk on Oct 2, 2022.
             Splashed by a jelly's acid (11 damage)
             ... on level 4 of the Dungeon on Oct 4, 2022.
             The game lasted 00:09:10 (6230 turns).

AarnesTheHuman the Chopper (Hill Orc Monk)          Turns: 6230, Time: 00:09:11

Health: -8/57      AC:  1    Str: 16    XL:     6   Next: 43%
Magic:  6/6        EV: 12    Int: 10    God:
Gold:   346        SH:  0    Dex: 13    Spells: 5/5 levels left

rFire   + . .      SeeInvis .   a - +1 hand axe
rCold   . . .      Faith    .   (no shield)
rNeg    . . .      Spirit   .   i - +2 leather armour {rF+}
rPois   .          Reflect  .   (no helmet)
rElec   .          Harm     .   (no cloak)
rCorr   .          Rampage  .   (no gloves)
Will    .....                   (no boots)
Stlth   ++........              (no amulet)
HPRegen 0.19/turn               (no ring)
MPRegen 0.10/turn               (no ring)

@: corroded
A: no striking features
a: no special abilities


You were on level 4 of the Dungeon.
You visited 1 branch of the dungeon, and saw 4 of its levels.

You collected 346 gold pieces.

Inventory:

Hand Weapons
 a - a +1 hand axe (weapon)
 b - a +3 dagger
Missiles
 k - 32 stones
 o - 14 poisoned darts
 v - 2 silver javelins (quivered)
Armour
 f - a +0 robe
 i - a +2 leather armour of fire resistance (worn)
Magical Staves
 l - a staff of earth
Jewellery
 m - a +6 ring of dexterity
Wands
 r - a wand of flame (10)
Scrolls
 c - a scroll of blinking
 e - a scroll of silence
 g - a scroll of vulnerability
 h - a scroll of fog {unknown}
 q - a scroll of identify
Potions
 d - a potion of heal wounds
 j - a potion of resistance {unknown}
 p - 3 potions of curing {unknown}
 t - a potion of mutation {unknown}
 w - a potion of berserk rage {unknown}


   Skills:
 + Level 6.2 Fighting
 + Level 6.8 Axes
 + Level 1.4 Throwing
 - Level 2.4 Dodging
 - Level 1.5 Stealth


You had 5 spell levels left.
You didn't know any spells.
Your spell library contained the following spells:

 Spells                   Type           Power      Damage    Failure   Level
 Magic Dart               Conj           0%         1d3       43%         1
 Poisonous Vapours        Pois/Air       0%         N/A       56%         2
 Searing Ray              Conj           0%         2d4       56%         2
 Conjure Flame            Conj/Fire      0%         6-21      80%         3
 Ignite Poison            Fire/Tmut/Pois 0%         N/A       80%         3
 Portal Projectile        Hex/Tloc       0%         N/A       80%         3
 Tukima's Dance           Hex            0%         N/A       80%         3
 Corpse Rot               Necr/Pois/Air  0%         N/A       99%         4
 Fulminant Prism          Conj/Hex       0%         3d6       99%         4
 Sticky Flame             Conj/Fire      0%         2d3       99%         4
 Blade Hands              Tmut           0%         N/A       100%        5


Dungeon Overview and Level Annotations

Branches:
Dungeon (4/15)             Temple (0/1) D:4

Altars:
Okawaru
Sif Muna
Vehumet
Xom


Message History

Okay, then.
Throw: 4 javelins (silver)
Press: ? - help, Q - select action, (/) - cycle Shift-Dir - straight line, f - jelly
Aim: a jelly (wandering, hasn't noticed you, 90% to hit)
You throw a silver javelin. The jelly quivers.
The silver javelin pierces through the jelly.
The jelly is lightly wounded.
Throw: 3 javelins (silver)
Press: ? - help, Q - select action, (/) - cycle Shift-Dir - straight line, f/p - jelly
Aim: a jelly (lightly wounded, 90% to hit)
You throw a silver javelin.
The silver javelin pierces through the jelly.
The jelly is moderately wounded.
The jelly closely misses you.
You hit the jelly.
Your hands burn!
The jelly is heavily wounded.
The jelly misses you.
You hit the jelly. The acid corrodes you!
Your hands burn!
The jelly is heavily wounded.
The jelly hits you.
You are splashed with acid!
You hit the jelly.
Your hands burn!
The jelly is heavily wounded.
The jelly hits you.
You are splashed with acid!
You are too injured to fight recklessly!
You hit the jelly but do no damage.
Your hands burn!
The jelly is heavily wounded.
The jelly hits you.
You are splashed with acid!
* * * LOW HITPOINT WARNING * * *
You slash the jelly!
Your hands burn!
* * * LOW HITPOINT WARNING * * *
The jelly is severely wounded.
The jelly hits you but does no damage.
You hit the jelly.
Your hands burn!
* * * LOW HITPOINT WARNING * * *
The jelly is almost dead.
The jelly hits you.
* * * LOW HITPOINT WARNING * * *
You are splashed with acid!
You die...

###########################
..#.......................#
..#..........[............#
..'.......................#
..#........(...J@.........#
..############...###.###..#
..##...###..##...###.###..#
.......#..................#
..........................#
..##+####...##............#
..##...##...##............#
.......#..................#
.......#....##..###..######


You could see a jelly.

Vanquished Creatures
  A scorpion (D:4)
  An orc wizard (D:4)
  13 gnolls
  An adder (D:2)
  An ufetubus (D:4)
  2 worms (D:2)
  2 dart slugs (D:4)
  3 orcs (D:4)
  7 endoplasms
  A giant cockroach (D:2)
  9 goblins
  9 hobgoblins
  2 jackals (D:2)
  9 kobolds
  3 quokkas
  5 ball pythons
  5 bats
  A frilled lizard (D:1)
  7 rats
82 creatures vanquished.

Vanquished Creatures (others)
  2 plants (D:2)
2 creatures vanquished.

Grand Total: 84 creatures vanquished

Notes
Turn   | Place    | Note
-------+----------+-------------------------------------------
     0 | D:1      | AarnesTheHuman the Hill Orc Monk began the quest for the
                  | Orb.
     0 | D:1      | Reached XP level 1. HP: 19/19 MP: 1/1
   305 | D:1      | Reached XP level 2. HP: 22/27 MP: 2/2
   900 | D:1      | You fall into a shaft and drop 1 floor!
  1127 | D:1      | Reached XP level 3. HP: 25/34 MP: 3/3
  1224 | D:1      | Found a faded altar of an unknown god.
  1506 | D:2      | Reached skill level 5 in Axes
  2204 | D:1      | Reached XP level 4. HP: 21/41 MP: 4/4
  2209 | D:1      | Reached skill level 5 in Fighting
  3657 | D:2      | Reached XP level 5. HP: 34/48 MP: 5/5
  5389 | D:4      | Found a radiant altar of Vehumet.
  5523 | D:4      | Found a shimmering altar of Xom.
  5529 | D:4      | Found an iron altar of Okawaru.
  5534 | D:4      | Found a shimmering blue altar of Sif Muna.
  5625 | D:4      | Reached skill level 1 in Throwing
  5625 | D:4      | Reached XP level 6. HP: 38/57 MP: 6/6
  6089 | D:4      | Found a staircase to the Ecumenical Temple.
  6230 | D:4      | Splashed by a jelly's acid

Illustrated notes

Levels and vault maps discovered:
D:1:      matt_arrival_debris, layout_basic, shapermc_ecumenical_altar_pompeii
D:2:      minmay_chambers_of_twos, layout_basic, serial_bayou,
          serial_bayou_ford_a, serial_bayou_lagoon_a, serial_bayou_pond_e,
          serial_bayou_pond_a
D:3:      layout_basic
D:4:      layout_gridville, nicolae_vehumet_altar_sigil,
          minmay_overflow_temple_star_quad, minmay_temple_entry_junction_2

Skill      XL: |  1  2  3  4  5 |
---------------+----------------+-----
Fighting       | 4 5 6 |  6.2
Axes           | 5 6 |  6.8
Throwing       | 1 |  1.4
Dodging        | |  2.4
Stealth        | |  1.5

Action                   |  1- 3 |  4- 6 || total
-------------------------+-------+-------++-------
Melee: Hand axe          |   128 |   186 ||   314
       Punch             |     1 |     3 ||     4
Throw: Stone             |       |     6 ||     6
       Dart              |       |     1 ||     1
       Javelin           |       |     7 ||     7
  Use: Scroll            |       |    10 ||    10
       Potion            |       |     1 ||     1
 Stab: Sleeping          |     2 |     1 ||     3
Armor: Robe              |    14 |       ||    14
       Leather armour    |    20 |    48 ||    68
Dodge: Dodged            |    97 |   114 ||   211
